 Dungeon Crawl Stone Soup version 0.32-a0-30-gefbe487952 (webtiles) character file.

Game seed: 3768345279010616822

1253 IdlyInterested the Cutter (level 8, -2/42 (58) HPs)
             Began as a Demonspawn Wanderer on Jan 19, 2024.
             Was a Follower of Dithmenos.
             Killed by their own static electricity (3 damage)
             ... on level 7 of the Dungeon.
             The game lasted 00:23:43 (5641 turns).

IdlyInterested the Cutter (Demonspawn Wanderer)     Turns: 5641, Time: 00:23:44

HP:   -2/42 (58)    AC:  6    Str: 11    XL:     8   Next: 26%
MP:   6/14          EV: 11    Int: 14    God:    Dithmenos [*.....]
Gold: 378           SH:  0    Dex: 15    Spells: 9/15 levels left

rFire   + . .        m - +0 dagger (drain)
rCold   . . .        (no shield)
rNeg    . . .        d - +0 robe
rPois   .            (no helmet)
rElec   .            (no cloak)
rCorr   .            y - +0 pair of gloves
SInv    .            b - +0 pair of boots
Will    +....        (no amulet)
Stlth   ++           l - ring of protection from fire
HPRegen 0.00/turn    (no ring)
MPRegen 0.14/turn

%: clarity
@: very slightly contaminated, inhibited regen, wreathed by umbra, very heavily
drained
A: thin metallic scales 1, spiny 1, demonic magic 2, demonic touch 1, clarity,
strong-willed 1, inhibited regeneration, inability to read after injury 1
a: Renounce Religion


You were on level 7 of the Dungeon.
You worshipped Dithmenos.
Dithmenos was aware of your devotion.
You visited 2 branches of the dungeon, and saw 8 of its levels.
You also visited: Sewer.

You collected 378 gold pieces.

Inventory:

Hand Weapons
 a - a +0 quarterstaff
 k - a +0 dagger
 m - a +0 dagger of draining (weapon)
 C - a +1 dagger of distortion
Missiles
 e - 47 stones
 x - 4 poisoned darts
Armour
 b - a +0 pair of boots (worn)
 d - a +0 robe (worn)
 y - a +0 pair of gloves (worn)
Jewellery
 l - a ring of protection from fire (left hand)
Wands
 w - a wand of flame (26)
Scrolls
 c - a scroll of fear
 n - 2 scrolls of teleportation
 p - a scroll of fog
 q - 2 scrolls of vulnerability
 r - a scroll of blinking
 u - a scroll of torment {unknown}
 A - a scroll of brand weapon {unknown}
 B - a scroll of enchant weapon
 D - a scroll of identify
 F - a scroll of revelation {unknown}
Potions
 f - 3 potions of curing
 g - a potion of attraction
 h - 3 potions of might
 i - a potion of berserk rage
 j - 2 potions of haste
 o - a potion of lignification {unknown}
 s - a potion of ambrosia {unknown}
 t - a potion of invisibility {unknown}
 v - 2 potions of brilliance
 z - a potion of heal wounds {unknown}
 E - a potion of cancellation {unknown}


   Skills:
 + Level 3.1 Fighting
 * Level 6.4 Short Blades
 - Level 1.0 Staves
 - Level 1.0 Throwing
 - Level 1.0 Armour
 - Level 1.0 Dodging
 - Level 2.0 Stealth
 - Level 4.0 Spellcasting
 - Level 5.0 Conjurations
 - Level 1.0 Necromancy
 - Level 1.0 Ice Magic
 - Level 1.0 Air Magic
 + Level 1.8 Invocations
 - Level 2.0 Evocations


You had 9 spell levels left.
You knew the following spells:

 Your Spells              Type           Power      Damage    Failure   Level
a - Kiss of Death         Conj/Necr      44%        2d8       5%          1
b - Static Discharge      Conj/Air       22%        3-4/arc   9%          2
c - Hailstorm             Conj/Ice       11%        3d6       17%         3

Your spell library contained the following spells:

 Spells                   Type           Power      Damage    Failure   Level
 Cigotuvi's Dreadful Rot  Necr/Alch/Air  8%         N/A       22%         2
 Scorch                   Fire           4%         2d5       28%         2
 Summon Ice Beast         Ice/Summ       4%         N/A       43%         3
 Tukima's Dance           Hex            2%         N/A       50%         3
 Flame Wave               Conj/Fire      9%         2d6       56%         4
 Fulminant Prism          Conj/Alch      4%         3d5       56%         4
 Dispel Undead            Necr           5%         3d7       77%         4
 Martyr's Knell           Necr/Summ      4%         N/A       83%         4
 Passage of Golubria      Tloc           2%         N/A       88%         4
 Yara's Violent Unravell  Hex/Alch       1%         3d3       99%         5
 Death Channel            Necr           2%         N/A       100%        6
 Sculpt Simulacrum        Ice/Alch       2%         N/A       100%        6
 Summon Cactus Giant      Summ           1%         N/A       100%        6


Dungeon Overview and Level Annotations

Branches:
Dungeon (7/15)             Temple (1/1) D:4           Sewer (visited)

Altars:
Ashenzari
Cheibriados
Dithmenos
Fedhas
Gozag
Hepliaklqana
Kikubaaqudgha
Makhleb
Nemelex Xobeh
Okawaru
Qazlal
Sif Muna
Trog
Uskayaw
Vehumet
Wu Jian
Xom
Yredelemnul


Innate Abilities, Weirdness & Mutations

You are partially covered in thin metallic scales. (AC +2)
You are partially covered in sharp spines.
Spells you cast may paralyse nearby enemies.
Your touch may inflict minor irresistible damage on your foes.
You possess an exceptional clarity of mind.
You are strong-willed. (Will+)
You do not regenerate when monsters are visible.
You occasionally lose the ability to read scrolls when taking damage.


Message History

Casting: Static Discharge (safe; 9% risk of failure)
Confirm with . or Enter, or press ? or * to list all spells.
You miscast Static Discharge.
Nothing appears to happen.
The wight barely misses you. x3; The wight closely misses you.
Unknown command.
Casting: Static Discharge (safe; 9% risk of failure)
Confirm with . or Enter, or press ? or * to list all spells.
You miscast Static Discharge.
Nothing appears to happen.
The wight is struck by your spines. The wight hits you with a +0 flail.
You feel drained. The wight barely misses you.
The wight hits you with a +3 trident.
You feel drained. The wight hits you with a +4 flail!
* * * LOW HITPOINT WARNING * * *
The wight is struck by your spines. The wight misses you.
The wight is struck by your spines. The wight closely misses you.
The wight is struck by your spines. The wight closely misses you.
The wight hits you with a +0 hand axe.
* * * LOW HITPOINT WARNING * * *
You feel drained.
* * * LOW HITPOINT WARNING * * *
The wight hits you with a +4 flail.
* * * LOW HITPOINT WARNING * * *
You feel drained.
Casting: Static Discharge (safe; 9% risk of failure)
Confirm with . or Enter, or press ? or * to list all spells.
The goblin is struck by an arc of lightning.
The goblin is severely wounded.
You are struck by an arc of lightning.
The wight is struck by an arc of lightning.
The wight is moderately damaged.
The lightning grounds out.
The wight is struck by an arc of lightning.
The wight is almost destroyed.
The wight is struck by an arc of lightning.
The wight is almost destroyed.
The lightning grounds out.
The wight is struck by an arc of lightning.
The wight is almost destroyed.
You are struck by an arc of lightning.
You die...

.......... ........~~
.......≈#### #.....~#..
#....~.g ##..!.~# ~!
##...zzg#####~.
....#....z@~~≈~~≈~.
..........z.z.......
................#... .
....................
.$#...................#
....................##
......##...............
#....##........##.....
...#....#.............#..


You could see 5 wights and a goblin.

Vanquished Creatures
  An ogre (D:4)
  A centaur (D:6)
  A phantom (D:6)
  A bullfrog (Sewer)
  2 scorpions (D:4)
  A howler monkey (D:5)
  3 jellies
  5 hounds
  A sleepcap (D:5)
  9 iguanas
  An orc wizard (D:6)
  4 gnolls
  11 adders
  5 dart slugs
  7 orcs
  7 ball pythons
  11 endoplasms
  14 giant cockroaches
  7 goblins
  11 hobgoblins
  4 jackals (D:1)
  3 quokkas
  3 bats
  15 frilled lizards
  10 kobolds
  8 rats
146 creatures vanquished.

Notes
Turn   | Place    | Note
-------+----------+-------------------------------------------
     0 | D:1      | IdlyInterested the Demonspawn Wanderer began the quest for
                  | the Orb.
     0 | D:1      | IdlyInterested set off with the following items: a +0
                  | quarterstaff, a +0 pair of boots, a scroll of fear, a +0
                  | robe; and the following spell memorised: Kiss of Death; and
                  | the following spells available to memorise: Static
                  | Discharge, Fulminant Prism.
     0 | D:1      | Reached XP level 1. HP: 15/15 MP: 3/3
   290 | D:1      | Gained mutation: Spells you cast may paralyse adjacent
                  | enemies. [demonic ancestry]
   290 | D:1      | Reached XP level 2. HP: 20/22 MP: 5/5
   702 | D:1      | Reached skill level 1 in Armour
   786 | D:1      | Reached skill level 1 in Short Blades
   960 | D:2      | Gained mutation: You are partially covered in sharp spines.
                  | [demonic ancestry]
   960 | D:2      | Reached XP level 3. HP: 8/21 MP: 6/6
  1086 | D:2      | Learned a level 2 spell: Static Discharge
  1090 | D:2      | Learned a level 3 spell: Hailstorm
  1114 | D:2      | Found a faded altar of an unknown god.
  1164 | D:2      | Reached skill level 1 in Necromancy
  1260 | D:2      | Gained mutation: Your touch may inflict minor irresistible
                  | damage on your foes. [demonic ancestry]
  1260 | D:2      | Reached XP level 4. HP: 25/30 MP: 7/7
  1747 | D:3      | Reached skill level 2 in Short Blades
  1934 | D:3      | Found a glowing drain.
  2025 | D:3      | Reached skill level 1 in Ice Magic
  2034 | Sewer    | Entered a sewer
  2073 | Sewer    | Reached XP level 5. HP: 35/40 MP: 8/8
  2306 | Sewer    | Reached skill level 3 in Short Blades
  2306 | Sewer    | Reached skill level 1 in Air Magic
  2389 | D:3      | Gained mutation: Your body sometimes deteriorates upon
                  | taking damage. [potion of mutation]
  2390 | D:3      | Lost mutation: Your body sometimes deteriorates upon taking
                  | damage. [potion of mutation]
  2390 | D:3      | Gained mutation: You do not regenerate when monsters are
                  | visible. [potion of mutation]
  2390 | D:3      | Gained mutation: You occasionally lose the ability to read
                  | scrolls when taking damage. [potion of mutation]
  2390 | D:3      | Gained mutation: You are strong-willed. (Will+) [potion of
                  | mutation]
  2390 | D:3      | Gained mutation: You possess an exceptional clarity of
                  | mind. [potion of mutation]
  3178 | D:4      | Found a staircase to the Ecumenical Temple.
  3184 | Temple   | Entered the Ecumenical Temple
  3216 | Temple   | Became a worshipper of Dithmenos the Shadowed
  3278 | D:4      | Gained mutation: You are partially covered in thin metallic
                  | scales. (AC +2) [demonic ancestry]
  3278 | D:4      | Reached XP level 6. HP: 44/47 MP: 9/9
  3286 | D:4      | Reached skill level 1 in Throwing
  3346 | D:4      | Reached skill level 4 in Short Blades
  3998 | D:4      | Reached skill level 1 in Stealth
  4003 | D:4      | Reached * piety under Dithmenos
  4005 | D:4      | Gained mutation: Spells you cast may paralyse nearby
                  | enemies. [demonic ancestry]
  4005 | D:4      | Reached XP level 7. HP: 28/52 MP: 4/11
  4209 | D:5      | Entered Level 5 of the Dungeon
  4269 | D:5      | Reached skill level 5 in Short Blades
  4646 | D:5      | Reached skill level 1 in Evocations
  5008 | D:6      | Found a stormy altar of Qazlal.
  5078 | D:6      | Reached skill level 6 in Short Blades
  5078 | D:6      | Reached XP level 8. HP: 46/58 MP: 13/13
  5148 | D:6      | Reached skill level 1 in Invocations
  5640 | D:7      | HP: 2/44 [wight/+0 hand axe (1)]
  5641 | D:7      | Killed from afar by themself

Illustrated notes

Levels and vault maps discovered:
D:1:      dpeg_arrival_leaves_temple_mockup, layout_basic, item_on_display_a
D:2:      layout_loops_ring, shapermc_ecumenical_altar_mp_urbaneastern
D:3:      layout_basic, portal_sewer_entry_c, grunt_ministairs_1
D:4:      minmay_opposing_rooms, layout_basic, temple_green, sigmund_army
D:5:      layout_rooms, grunt_ministairs_3
D:6:      layout_basic, mainiacjoe_overflow_chevrons
D:7:      layout_cave_pools, enter_bailey_3, chequers_serial_rivers_small_b
Temple:   mainiacjoe_temple_cubbyholes

Skill      XL: |  1  2  3  4  5  6  7  8 |
---------------+-------------------------+-----
Fighting       | 2 3 |  3.1
Armour         | 1 |  1.0
Short Blades   | 1 2 3 4 6 |  6.4
Necromancy     | 1 |  1.0
Ice Magic      | 1 |  1.0
Air Magic      | 1 |  1.0
Throwing       | 1 |  1.0
Stealth        | 1 2 |  2.0
Spellcasting   | 3 4 |  4.0
Evocations     | 2 |  2.0
Invocations    | 1 |  1.8
Staves         | |  1.0
Dodging        | |  1.0
Conjurations   | |  5.0

Action                     |  1- 3 |  4- 6 |  7- 9 || total
---------------------------+-------+-------+-------++-------
  Melee: Quarterstaff      |    49 |       |       ||    49
         Dagger            |    45 |   127 |    84 ||   256
         Punch             |     2 |     1 |     1 ||     4
         Touch             |       |    27 |     8 ||    35
  Throw: Stone             |       |     4 |     3 ||     7
   Cast: Kiss of Death     |     1 |       |     1 ||     2
         Static Discharge  |       |     7 |     6 ||    13
    Use: Scroll            |       |     4 |     1 ||     5
         Potion            |       |     6 |     2 ||     8
   Stab: Sleeping          |     3 |     2 |       ||     5
         Paralysed         |       |     5 |    10 ||    15
 Armour: Robe              |    58 |    62 |    64 ||   184
  Dodge: Dodged            |    50 |    45 |    57 ||   152

Table legend: (Time is in decaauts)
 A = Elapsed time spent in this place.
 B = Non-inter-level travel time spent in this place.
 C = Inter-level travel time spent in this place.
 D = Time resting spent in this place.
 E = Time spent auto-exploring this place.
 F = Levels seen in this place.
 G = Mean time per level.
                   A        B        C        D        E       F      G
               +--------+--------+--------+--------+--------+-----+--------+
         Total |   5663 |   4950 |    713 |    567 |   3016 |   9 |  629.2 |
       Dungeon |   5203 |   4550 |    653 |    529 |   3014 |   7 |  743.3 |
        Temple |     62 |      2 |     60 |      0 |      0 |   1 |   62.0 |
         Sewer |    397 |    397 |      0 |     38 |      2 |   1 |  397.0 |
               +--------+--------+--------+--------+--------+-----+--------+

Top non-repeatable levels by time:
     D:3: 1163 daAuts
     D:1: 1004 daAuts
     D:4: 1004 daAuts
     D:5: 698 daAuts
     D:2: 667 daAuts
     D:6: 614 daAuts
   Sewer: 397 daAuts
  Temple: 62 daAuts
     D:7: 49 daAuts
